 Dungeon Crawl Stone Soup version 0.30-a0-930-gb9d0489357 (webtiles) character file.

Game seed: 15275377773924923102

46 sanka the Cudgeller (level 3, -2/39 HPs)
             Began as an Ogre Berserker on Mar 24, 2023.
             Was a Believer of Trog.
             Slain by an orc wizard
             ... wielding a +0 dagger of electrocution
              (15 damage)
             ... on level 2 of the Dungeon.
             The game lasted 00:01:54 (1768 turns).

sanka the Cudgeller (Ogre Berserker)                Turns: 1768, Time: 00:01:55

Health: -2/39      AC:  3    Str: 23    XL:     3   Next: 66%
Magic:  12/12      EV: 10    Int:  8    God:    Trog [**....]
Gold:   73         SH:  0    Dex:  8    Spells: 2/2 levels left

rFire   + . .      SeeInvis .    j - +0 flail
rCold   . . .      Faith    .    (no shield)
rNeg    . . .      Spirit   .    b - +0 animal skin
rPois   .          Reflect  .    (helmet restricted)
rElec   .          Rampage  .    (no cloak)
rCorr   .                        (gloves unavailable)
Will    .....                    (boots unavailable)
Stlth   +                        (no amulet)
HPRegen 0.26/turn                d - ring of magical power
MPRegen 0.13/turn                e - ring of protection from fire

@: no status effects
A: large, unfitting armour, tough skin 1
a: Renounce Religion, Berserk, Trog's Hand


You were on level 2 of the Dungeon.
You worshipped Trog.
Trog was pleased with you.
You visited 1 branch of the dungeon, and saw 2 of its levels.

You collected 73 gold pieces.


Innate Abilities, Weirdness & Mutations

You are too large for most types of armour.
You have tough skin. (AC +1)


   Skills:
 - Level 4.0 Fighting
 + Level 4.1 Maces & Flails
 - Level 2.6 Dodging


You had 2 spell levels left.
You didn't know any spells.
Your spell library was empty.

Inventory:

Hand Weapons
 j - a +0 flail (weapon)
Missiles
 a - 3 poisoned darts (quivered)
Armour
 b - a +0 animal skin (worn)
Jewellery
 d - a ring of magical power (left hand)
 e - a ring of protection from fire (right hand)
Scrolls
 f - a scroll of amnesia {unknown}
 h - a scroll of poison {unknown}
 i - 4 scrolls of identify {unknown}
 m - a scroll of blinking {unknown}
 o - a scroll of teleportation {unknown}
Potions
 c - a potion of haste {unknown}
 g - a potion of curing {unknown}
 k - a potion of heal wounds {@q2}
 l - a potion of mutation {unknown}
 n - a potion of resistance {unknown}
 p - a potion of lignification {unknown}

Dungeon Overview and Level Annotations

Branches:
Dungeon (2/15)

Altars:
Wu Jian

▒.....▒▒▒▒▒..▒.▒ ▒.▒▒▒▒▒
▒..▒.▒ ▒.▒ ▒..▒.▒ ▒.▒
▒....▒ ▒.▒▒ ▒▒...▒▒ ▒..▒
▒▒....(▒ ▒▒)▒▒ ▒▒.......
...▒▒▒▒▒▒▒▒▒...▒▒▒▒........
.........{O.......'........
?.▒▒▒▒▒▒▒▒▒▒...▒▒▒▒........
▒.......▒▒▒.......
▒.▒▒.▒▒.▒ ▒▒†)...▒
▒.▒▒.▒▒.▒ ▒▒...▒▒ ▒.▒▒.▒▒.▒
▒▒'▒▒ ▒.▒▒.▒▒.▒ ▒.▒
▒.▒▒.▒▒.▒ ▒.▒ ▒.▒▒.▒▒.▒
▒▒.▒▒


There were no monsters in sight!


Message History

You hear some strange, mumbled words.
You are confused.
Unknown command.
You completely miss something. Something hits you.
* * * LOW HITPOINT WARNING * * *
You are electrocuted!
* * * LOW HITPOINT WARNING * * *
Unknown command.
Unknown command.
Unknown command.
It was a potion of heal wounds.
Something hits you.
You miss something. Something hits you but does no damage.
You are electrocuted!
* * * LOW HITPOINT WARNING * * *
You miss something. Something hits you.
* * * LOW HITPOINT WARNING * * *
Unknown command.
Unknown command.
You completely miss something.
You feel less confused. Something hits you.
* * * LOW HITPOINT WARNING * * *
Something hits you.
* * * LOW HITPOINT WARNING * * *
You are electrocuted!
You die...

Action                     || total
---------------------------++-------
  Melee: Mace              ||    52
         Flail             ||    54
         Punch             ||     2
    Use: Potion            ||     1
 Armour: Animal skin       ||    36
  Dodge: Dodged            ||    43

Levels and vault maps discovered:
D:1:      saegor_arrival_simple_a, layout_basic
D:2:      layout_loops_corners, basic_altar,
          hellmonk_ecumenical_altar_crossroads

Notes
Turn   | Place    | Note
-------+----------+-------------------------------------------
     0 | D:1      | sanka the Ogre Berserker began the quest for the Orb.
     0 | D:1      | Reached XP level 1. HP: 24/24 MP: 1/1
   160 | D:1      | Reached skill level 3 in Maces & Flails
   265 | D:1      | Reached XP level 2. HP: 32/32 MP: 2/2
  1127 | D:2      | Found a faded altar of an unknown god.
  1167 | D:2      | Reached XP level 3. HP: 39/39 MP: 3/3
  1453 | D:2      | Reached ** piety under Trog
  1458 | D:2      | Reached skill level 4 in Maces & Flails
  1647 | D:2      | Found an ornate altar of the Wu Jian Council.
  1768 | D:2      | Slain by an orc wizard

Vanquished Creatures
  An adder (D:2)
  A worm (D:2)
  3 orcs (D:2)
  3 endoplasms
  A giant cockroach (D:2)
  4 goblins
  A hobgoblin (D:1)
  4 jackals (D:1)
  A quokka (D:1)
  A ball python (D:2)
  2 bats
  A frilled lizard (D:1)
  3 kobolds
  3 rats
29 creatures vanquished.
